 Dungeon Crawl Stone Soup version 0.29.1-15-g9cfb28693d (webtiles) character file.

Game seed: 1205966242222141447

91 BuddhaDhamma the Chopper (level 4, -4/58 HPs)
             Began as a Minotaur Berserker on Mar 9, 2023.
             Was a Believer of Trog.
             Slain by a gnoll
             ... wielding a +0 flail
              (7 damage)
             ... on level 3 of the Dungeon.
             The game lasted 00:04:00 (2103 turns).

BuddhaDhamma the Chopper (Minotaur Berserker)       Turns: 2103, Time: 00:04:01

Health: -4/58      AC:  7    Str: 24    XL:     4   Next: 34%
Magic:  3/3        EV: 10    Int:  4    God:    Trog [**....]
Gold:   99         SH:  0    Dex:  9    Spells: 3/3 levels left

rFire   . . .      SeeInvis .   a - +0 hand axe
rCold   . . .      Faith    +   (no shield)
rNeg    . . .      Spirit   .   b - +0 scale mail
rPois   .          Reflect  .   (helmet restricted)
rElec   .          Harm     .   (no cloak)
rCorr   .          Rampage  .   (no gloves)
Will    .....                   f - +0 pair of boots
Stlth   ..........              k - amulet of faith
HPRegen 0.19/turn               (no ring)
MPRegen 0.08/turn               (no ring)

@: berserking, very quick
A: horns 2, retaliatory headbutt
a: Renounce Religion, Berserk, Trog's Hand


You were on level 3 of the Dungeon.
You worshipped Trog.
Trog was pleased with you.
You visited 1 branch of the dungeon, and saw 3 of its levels.

You collected 99 gold pieces.

Inventory:

Hand Weapons
 a - a +0 hand axe (weapon)
Missiles
 i - 2 silver javelins (quivered)
Armour
 b - a +0 scale mail (worn)
 f - a +0 pair of boots (worn)
Jewellery
 d - an amulet of regeneration
 k - an amulet of faith (around neck)
Scrolls
 c - a scroll of noise {unknown}
 g - a scroll of amnesia {unknown}
 h - 2 scrolls of torment {unknown}
 l - 2 scrolls of teleportation {unknown}
 m - 2 scrolls of identify {unknown}
 o - a scroll of vulnerability {unknown}
 p - a scroll of blinking {unknown}
Potions
 e - 2 potions of degeneration {unknown}
 j - 2 potions of curing {unknown}
 n - 3 potions of heal wounds {unknown}


   Skills:
 - Level 3.6 Fighting
 + Level 6.3 Axes
 - Level 2.4 Armour
 - Level 2.1 Dodging


You had 3 spell levels left.
You didn't know any spells.
Your spell library was empty.

Dungeon Overview and Level Annotations

Branches:
Dungeon (3/15)

Altars:


Innate Abilities, Weirdness & Mutations

You have a pair of horns on your head.
You reflexively headbutt those who attack you in melee.


Message History

You feel yourself moving faster!
You feel mighty! The hobgoblin barely misses you.
The gnoll hits you with a +0 whip.
* * * LOW HITPOINT WARNING * * *
The gnoll barely misses you. The gnoll closely misses you.
You slash the gnoll!
You feel the power of Trog in you as your rage grows.
You kill the gnoll!
Trog accepts your kill.
You hit the hobgoblin.
The hobgoblin hits you but does no damage.
The gnoll hits you but does no damage. The gnoll completely misses you.
Your Axes skill increases to level 6!
You have reached level 4!
You feel stronger.
Things that are here:
a +0 whip; a gnoll corpse You slash the gnoll!
The gnoll is severely wounded.
You hit the gnoll. The gnoll hits you but does no damage.
The gnoll barely misses you.
You slash the gnoll!
You kill the gnoll!
Trog accepts your kill.
You hit the gnoll but do no damage. You hit the hobgoblin.
You kill the hobgoblin!
Trog accepts your kill. The gnoll barely misses you. You furiously retaliate!
You headbutt the gnoll. You completely miss the gnoll. You hit the gnoll.
The gnoll hits you with a +0 flail.
* * * LOW HITPOINT WARNING * * *
The gnoll hits you but does no damage.
You hit the gnoll. Your headbutt misses the gnoll.
The gnoll is heavily wounded.
You slash the gnoll!
You kill the gnoll!
Trog accepts your kill.
You barely miss the gnoll.
The gnoll is heavily wounded.
The gnoll hits you with a +0 flail!
You die...

... ..... ## ##.. # ....# ..
.....# ##.#.# . #.. .# #
..#.# #.#....###. #.#.#.#
###..###.#.#......#.#.#.#.#
..>......†...............†
#.... #.# .#.#<†<.
#...#####@# ##### # #.††#
#...#...)g# #...#.#.#....
#...#.)...# #...#.#.#####
#...#.....#+##...#...... .
#....................#####
#...###...................
#.### #..........######...
####'#####........#).....'...
#.......##........#.######...


You could see a gnoll.

Vanquished Creatures
  3 gnolls (D:3)
  3 worms (D:3)
  2 dart slugs (D:1)
  4 endoplasms
  3 giant cockroaches
  A goblin (D:2)
  2 hobgoblins
  7 jackals
  2 quokkas (D:1)
  7 ball pythons
  5 bats
  3 frilled lizards
  6 kobolds
  2 rats
50 creatures vanquished.

Notes
Turn   | Place    | Note
-------+----------+-------------------------------------------
     0 | D:1      | BuddhaDhamma the Minotaur Berserker began the quest for the
                  | Orb.
     0 | D:1      | Reached XP level 1. HP: 19/19 MP: 0/0
    39 | D:1      | Reached skill level 4 in Axes
   373 | D:1      | Reached XP level 2. HP: 26/26 MP: 1/1
   846 | D:2      | Found a faded altar of an unknown god.
   963 | D:2      | Reached skill level 5 in Axes
  1190 | D:2      | Reached XP level 3. HP: 30/31 MP: 2/2
  1219 | D:2      | Reached ** piety under Trog
  2098 | D:3      | Reached skill level 6 in Axes
  2098 | D:3      | Reached XP level 4. HP: 5/39 MP: 3/3
  2103 | D:3      | Slain by a gnoll

Illustrated notes

Levels and vault maps discovered:
D:1:      dpeg_arrival_simpleton_c, layout_basic, serial_corexii_hall,
          chequers_hall_statues_wall_a, chequers_hall_statues_wall_a,
          corexii_hall_statues_i, corexii_hall_statues_t
D:2:      layout_basic, ebering_ecumenical_altar_petrified,
          hangedman_decor_push, minivault_23
D:3:      layout_basic

Skill      XL: |  1  2  3 |
---------------+----------+-----
Axes           | 4 5 6 |  6.3
Fighting       | |  3.6
Armour         | |  2.4
Dodging        | |  2.1

Action                   |  1- 3 |  4- 6 || total
-------------------------+-------+-------++-------
Melee: Hand axe          |    92 |     5 ||    97
       Headbutt          |    14 |       ||    14
       Punch             |     1 |       ||     1
Throw: Javelin           |    13 |       ||    13
Invok: Berserk           |     1 |       ||     1
Armor: Animal skin       |    12 |       ||    12
       Scale mail        |    15 |     2 ||    17
       Ring mail         |    11 |       ||    11
Dodge: Dodged            |    72 |     2 ||    74
